 Dungeon Crawl Stone Soup version 0.29.0-4-gdea44cf6ec (webtiles) character file.

Game seed: 13510096702146060009

30 qw the Chopper (level 3, -1/21 HPs)
             Began as a Tengu Warper on Aug 28, 2022.
             Succumbed to their own poison gas
             ... on level 1 of the Dungeon.
             The game lasted 00:00:05 (999 turns).

qw the Chopper (Tengu Warper)                        Turns: 999, Time: 00:00:06

Health: -1/21      AC:  3    Str: 13    XL:     3   Next: 18%
Magic:  7/7        EV: 12    Int: 13    God:
Gold:   37         SH:  0    Dex: 13    Spells: 6/6 levels left

rFire   + . .      SeeInvis .   Y - +0 hand axe
rCold   . . .      Faith    .   (no shield)
rNeg    . . .      Spirit   .   b - +0 leather armour
rPois   .          Reflect  .   (helmet restricted)
rElec   .          Harm     .   (no cloak)
rCorr   .          Rampage  .   (no gloves)
Will    .....                   (boots unavailable)
Stlth   +.........              (no amulet)
HPRegen 0.07/turn               i - ring of protection from fire
MPRegen 0.10/turn               (no ring)

@: lethally poisoned (-1 -> -11)
A: beak, talons 3
a: no special abilities


You were on level 1 of the Dungeon.
You visited 1 branch of the dungeon, and saw 1 of its levels.

You collected 37 gold pieces.


Innate Abilities, Weirdness & Mutations

You have a beak for a mouth.
You have claws for feet.


   Skills:
 - Level 2.0 Fighting
 + Level 3.9 Axes
 - Level 1.0 Throwing
 - Level 1.1 Armour
 - Level 2.1 Dodging
 - Level 2.0 Spellcasting
 - Level 2.4 Translocations


You had 6 spell levels left.
You didn't know any spells.
Your spell library contained the following spells:

 Spells                   Type           Power      Damage    Failure   Level
 Blink                    Tloc           14%        N/A       19%         2
 Gell's Gravitas          Tloc           7%         N/A       36%         3
 Lesser Beckoning         Tloc           7%         N/A       36%         3
 Teleport Other           Tloc           7%         N/A       36%         3
 Manifold Assault         Tloc           7%         N/A       98%         5

Inventory:

Hand Weapons
 g - a +0 club
 Y - a +0 hand axe (weapon)
Armour
 b - a +0 leather armour (worn)
Jewellery
 i - a ring of protection from fire (left hand)
Scrolls
 e - a scroll of identify
Potions
 f - a potion of invisibility {unknown}

Dungeon Overview and Level Annotations

Branches:
Dungeon (1/15)

Altars:


Message History

You kill your butterfly!
Your butterfly disappears in a burst of colours!
Your butterfly is engulfed in poison gas.
Your butterfly is poisoned.
You kill your butterfly!
Your butterfly disappears in a burst of colours!
Done exploring.
993 ||| READING scroll labelled ATYVEF COTE.
As you read the scroll labelled ATYVEF COTE, it crumbles to dust.
It is a scroll of amnesia.
You feel forgetful for a moment.
You kill your butterfly!
Your butterfly disappears in a burst of colours!
Your butterfly is poisoned. x2
Done exploring.
994 ||| DROPPING 2 scrolls of butterflies.
You drop 2 scrolls of butterflies.
You kill your butterfly!
Your butterfly disappears in a burst of colours!
You kill your butterfly!
Your butterfly disappears in a burst of colours!
Done exploring.
995 ||| DROPPING scroll of blinking.
You drop a scroll of blinking.
Done exploring.
(D) Dungeon
Where to? (* - list waypoints, ? - help)
What level of the Dungeon? (default 1, ? - help) Sorry, I don't know how to get there.
Done exploring.
996 ||| Stepping randomly (stuck).
Really walk into that cloud of poison gas?
You are engulfed in poison gas.
You are lethally poisoned!
You feel very sick.
997 ||| Stepping ~*~*~tactically~*~*~ (cloud).
You feel very sick.
You see here a +0 falchion.
There is a lethal amount of poison in your body!
You feel very sick.
There is a lethal amount of poison in your body!
You die...

######## ##.# ##.
####+####. #.......#.
#.8.8.8.#. ###.......#.
#.'.8.<.8.'.
############¤#.......#.
#¤0¤¤0¤?.¤¤¤0#.8.8.8.#.
#00¤0.@¤¤..0##.......##
#¤¤¤0...¤.¤0#####+####
#¤¤0¤.¤¤.¤¤0# ##.#
#¤¤¤¤¤..¤¤.0# #..#
#¤¤¤¤¤¤¤¤0¤0# #.##
#¤0¤¤¤¤¤¤0¤¤# #.#
####0¤0¤¤¤0¤¤¤¤####.####
#..............'.......#
#.##...........#######.#


There were no monsters in sight!

Vanquished Creatures
  2 dart slugs (D:1)
  A ball python (D:1)
  4 bats (D:1)
  An endoplasm (D:1)
  A hobgoblin (D:1)
  4 jackals (D:1)
  2 quokkas (D:1)
  2 frilled lizards (D:1)
  A goblin (D:1)
  2 kobolds (D:1)
  6 rats (D:1)
26 creatures vanquished.

Notes
Turn   | Place    | Note
-------+----------+-------------------------------------------
     0 | D:1      | qw the Tengu Warper began the quest for the Orb.
     0 | D:1      | Reached XP level 1. HP: 12/12 MP: 4/4
     0 | D:1      | 0 ||| qw: Version: 0.1-a-89-g26bdef1
     0 | D:1      | 0 ||| qw: Game counter: 2513
     0 | D:1      | 0 ||| qw: Always use a shield: true
     0 | D:1      | 0 ||| qw: God list: Okawaru
     0 | D:1      | 0 ||| qw: Allow faded altars: false
     0 | D:1      | 0 ||| qw: Do Orc after D:15 true
     0 | D:1      | 0 ||| qw: Do second Lair branch before Depths: true
     0 | D:1      | 0 ||| qw: Lair rune preference: random
     0 | D:1      | 0 ||| qw: Plans: Normal
     0 | D:1      | 0 ||| PLANNING D:1-11
   195 | D:1      | Reached XP level 2. HP: 16/17 MP: 6/6
   329 | D:1      | 329 ||| Stepping ~*~*~tactically~*~*~ (stealth).
   332 | D:1      | Reached skill level 3 in Axes
   343 | D:1      | 343 ||| Stepping ~*~*~tactically~*~*~ (hiding).
   656 | D:1      | 656 ||| Stepping ~*~*~tactically~*~*~ (stealth).
   671 | D:1      | Reached XP level 3. HP: 20/21 MP: 7/7
   989 | D:1      | 989 ||| UPGRADING to ring of protection from fire.
   990 | D:1      | 990 ||| READING 3 scrolls labelled FACHIU BUIVA.
   991 | D:1      | 991 ||| READING 2 scrolls labelled KOENAE BEUSS.
   992 | D:1      | 992 ||| READING scroll labelled BAUZOZAH WUEBB.
   993 | D:1      | 993 ||| READING scroll labelled ATYVEF COTE.
   994 | D:1      | 994 ||| DROPPING 2 scrolls of butterflies.
   995 | D:1      | 995 ||| DROPPING scroll of blinking.
   996 | D:1      | 996 ||| Stepping randomly (stuck).
   997 | D:1      | 997 ||| Stepping ~*~*~tactically~*~*~ (cloud).
   997 | D:1      | HP: 4/21 [poisoned by you (poison gas)]
   998 | D:1      | HP: 1/21 [poisoned by you (poison gas)]
   999 | D:1      | Succumbed to their own poison gas

Levels and vault maps discovered:
D:1:      doesnt_arrival_eight_statues, layout_basic

Skill      XL: |  1  2 |
---------------+-------+-----
Axes           | 3 |  3.9
Fighting       | |  2.0
Throwing       | |  1.0
Armour         | |  1.1
Dodging        | |  2.1
Spellcasting   | |  2.0
Translocations | |  2.4

Action                   || total
-------------------------++-------
Melee: Hand axe          ||    49
       Kick              ||    11
       Peck              ||     3
Throw: Boomerang         ||     7
  Use: Scroll            ||     4
Armor: Leather armour    ||    11
Dodge: Dodged            ||    25

Table legend:
 A = Non-vault XP
 B = Vault XP
 C = Vault XP percentage of total XP
 D = Non-vault monster count
 E = Vault monster count
 F = Vault count percentage of total count
                 A         B        C        D         E       F
            +---------+---------+-------+---------+---------+-------
      Total |      43 |       0 |   0.0 |      26 |       0 |   0.0
            +---------+---------+-------+---------+---------+-------
        D:1 |      43 |       0 |   0.0 |      26 |       0 |   0.0
            +---------+---------+-------+---------+---------+-------
